 Dungeon Crawl Stone Soup version 0.30.1-9-gdf580d7c3d (webtiles) character file.

Game seed: 12409666614626950466

233 KittyFluff the Cudgeller (level 6, -1/38 HPs)
             Began as a Gargoyle Berserker on Oct 9, 2023.
             Was a Believer of Trog.
             Slain by Grinder (2 damage)
             ... on level 3 of the Dungeon.
             The game lasted 00:05:27 (1601 turns).

KittyFluff the Cudgeller (Gargoyle Berserker)       Turns: 1601, Time: 00:05:28

Health: -1/38      AC:  7    Str: 22    XL:     6   Next: 4%
Magic:  6/6        EV: 12    Int:  8    God:    Trog [**....]
Gold:   56         SH:  0    Dex:  9    Spells: 5/5 levels left

rFire   . . .        a - +0 mace
rCold   . . .        (no shield)
rNeg    + . .        b - +0 animal skin
rPois   ∞            h - +0 helmet
rElec   +            (no cloak)
rCorr   .            (no gloves)
SInv    .            (no boots)
Will    .....        (no amulet)
Stlth   +            (no ring)
HPRegen 0.26/turn    (no ring)
MPRegen 0.10/turn

%: no passive effects
@: no status effects
A: sickness immunity, AC +4, negative energy resistance 1, electricity
resistance, torment resistance 1, petrification resistance
a: Renounce Religion, Berserk, Trog's Hand


You were on level 3 of the Dungeon.
You worshipped Trog.
Trog was pleased with you.
You visited 1 branch of the dungeon, and saw 3 of its levels.

You collected 56 gold pieces.

Inventory:

Hand Weapons
 a - a +0 mace (weapon)
Armour
 b - a +0 animal skin (worn)
 h - a +0 helmet (worn)
Scrolls
 c - a scroll of magic mapping {unknown}
 d - 2 scrolls of immolation {unknown}
 e - a scroll of identify {unknown}
 f - a scroll of fog {unknown}
 g - a scroll of vulnerability {unknown}
Potions
 i - 3 potions of heal wounds {unknown}
 j - a potion of attraction {unknown}
 k - a potion of flight {unknown}
 l - a potion of degeneration {unknown}
 m - 2 potions of might {unknown}


   Skills:
 + Level 4.2 Fighting
 * Level 4.4 Maces & Flails
 * Level 4.2 Armour
 + Level 2.4 Dodging


You had 5 spell levels left.
You didn't know any spells.
Your spell library was empty.

Dungeon Overview and Level Annotations

Branches:
Dungeon (3/15)

Altars:
Nemelex Xobeh

Annotations:
D:3 Grinder


Innate Abilities, Weirdness & Mutations

You are immune to sickness and miasma.
Your stone body is resilient. (AC +4)
You are immune to poison.
You resist negative energy. (rN+)
You are resistant to electric shocks. (rElec)
You are resistant to unholy torment.
You are immune to petrification.


Message History

Grinder shouts!
Grinder blinks!
Grinder barely misses you.
You closely miss Grinder. Grinder hits you.
You writhe in agony.
You barely miss Grinder. Grinder hits you.
You writhe in agony.
You hit Grinder but do no damage.
Grinder says, "Wait up."
Grinder hits you.
You hit Grinder.
Grinder is lightly wounded.
Grinder misses you.
You thump Grinder!
Grinder is moderately wounded.
Grinder hits you.
You writhe in agony.
Grinder closely misses you.
You barely miss Grinder.
Grinder is moderately wounded.
Grinder hits you but does no damage.
You barely miss Grinder.
Grinder is moderately wounded.
Grinder gestures at you. Pain shoots through your body!
You hit Grinder.
Grinder is moderately wounded.
Grinder barely misses you.
You closely miss Grinder.
Grinder is moderately wounded.
Grinder gestures at you. Pain shoots through your body!
You closely miss Grinder.
Grinder is moderately wounded.
Grinder hits you.
* * * LOW HITPOINT WARNING * * *
You writhe in agony.
* * * LOW HITPOINT WARNING * * *
You hit Grinder.
Grinder is heavily wounded.
Grinder hits you!
* * * LOW HITPOINT WARNING * * *
Grinder hits you.
You die...

#.......# #.. ##########
#.......# #.. #>.......#
#...†...####. #..<.....#
#........#... #.)......#
####†....#.## #........#
##.......).. #........#
#........... #......5.#
#.##+#.#####
#......@.####>..........
#....................##
######..................
#................##
#................#
####.##########.... #.#
#.#. #.# ... #.. ###


You could see Grinder.

Vanquished Creatures
  A phantom (D:3)
  A scorpion (D:3)
  Jessica (D:3)
  Robin (D:2)
  2 adders
  3 dart slugs
  2 endoplasms (D:2)
  3 giant cockroaches
  6 goblins
  5 hobgoblins
  4 quokkas
  2 bats
  4 frilled lizards
  A kobold (D:2)
  3 rats
39 creatures vanquished.

Notes
Turn   | Place    | Note
-------+----------+-------------------------------------------
     0 | D:1      | KittyFluff the Gargoyle Berserker began the quest for the
                  | Orb.
     0 | D:1      | Reached XP level 1. HP: 14/14 MP: 1/1
   138 | D:1      | Reached XP level 2. HP: 9/19 MP: 2/2
   314 | D:1      | You fall into a shaft and drop 1 floor!
   395 | D:2      | Found a sparkling altar of Nemelex Xobeh.
   459 | D:2      | Noticed Robin
   465 | D:2      | Reached XP level 3. HP: 6/23 MP: 3/3
   474 | D:2      | Killed Robin
  1066 | D:3      | Noticed Jessica
  1070 | D:3      | Reached ** piety under Trog
  1080 | D:3      | Killed Jessica
  1081 | D:3      | Reached XP level 4. HP: 15/29 MP: 4/4
  1286 | D:3      | Noticed a scorpion
  1346 | D:3      | Killed a scorpion
  1347 | D:3      | Reached XP level 5. HP: 19/33 MP: 5/5
  1453 | D:3      | Noticed a phantom
  1474 | D:3      | Killed a phantom
  1481 | D:3      | Reached XP level 6. HP: 17/38 MP: 6/6
  1588 | D:3      | Noticed Grinder
  1601 | D:3      | HP: 1/38 [Grinder (7)]
  1601 | D:3      | Slain by Grinder

Illustrated notes

Levels and vault maps discovered:
D:1:      amcnicky_arrival_double_pillar, layout_loops_ring,
          grunt_decor_fettered, serial_bayou_pond_b
D:2:      layout_basic, basic_altar, uniq_robin
D:3:      minmay_door_path, layout_basic, kennysheep_generic_room_15,
          uniq_grinder, uniq_jessica

Skill      XL: |  1  2  3  4  5 |
---------------+----------------+-----
Armour         | 3 4 |  4.2
Dodging        | 2 |  2.4
Fighting       | 4 |  4.2
Maces & Flails | 4 |  4.4

Action                     |  1- 3 |  4- 6 || total
---------------------------+-------+-------++-------
  Melee: Mace              |    92 |    56 ||   148
         Punch             |     1 |       ||     1
 Invoke: Berserk           |     1 |     1 ||     2
 Armour: Animal skin       |    28 |    25 ||    53
  Dodge: Dodged            |    58 |    46 ||   104
